 Dungeon Crawl Stone Soup version bcrawl-1.27.6 (webtiles) character file.

Game seed: 11470147299719924172

160511 Faustar the Grave Robber (level 5, -1/38 HPs)
             Began as a Ghoul Necromancer on Sept 27, 2020.
             Killed from afar by an orc wizard (8 damage)
             ... with a magic dart
             ... on level 3 of the Dungeon.
             The game lasted 00:05:36 (1993 turns).

Faustar the Grave Robber (Ghoul Necromancer)        Turns: 1993, Time: 00:05:37

Health: -1/38      AC:  4    Str: 12    XL:     5   Next: 25%
Magic:  4/10       EV: 12    Int: 11    God:
Gold:   122        SH:  0    Dex:  9    Spells: 3/12 levels left

rFire    . . .     SeeInvis .   i - +2 dagger (speed)
rCold    + . .     Gourm    .   (no shield)
rNeg     + + +     Faith    .   b - +0 robe
rPois    ∞         Spirit   .   (no helmet)
rElec    .         Reflect  .   m - +1 cloak
rCorr    .         Harm     .   (no gloves)
MR       .....                  (no boots)
Stlth    ++........             (no amulet)
HPRegen  0.00/turn              (no ring)
MPRegen  0.12/turn              (no ring)

@: rotting
A: rotting body, claws 1, carnivore, cold resistance 1, negative energy
resistance 3, inhibited regeneration, torment resistance, unbreathing
a: no special abilities


You were on level 3 of the Dungeon.
You were not hungry.

You visited 1 branch of the dungeon, and saw 3 of its levels.

You collected 122 gold pieces.

Inventory:

Hand Weapons
 a - a +1 dagger
 i - a +2 dagger of speed (weapon)
Armour
 b - a +0 robe (worn)
 k - a +0 pair of gloves
 l - a +0 buckler
 m - a +1 cloak (worn)
Jewellery
 o - a +2 ring of protection {unknown}
Scrolls
 f - a scroll of magic mapping {unknown}
 g - 3 scrolls of identify
 h - a scroll of remove curse {unknown}
 j - a scroll of fog {unknown}
 n - a scroll of enchant armour {unknown}
Potions
 c - a potion of cancellation {unknown}
 d - a potion of degeneration {unknown}
Comestibles
 e - a ration {!d}


   Skills:
 - Level 1.7 Dodging
 - Level 2.4 Stealth
 + Level 4.2 Spellcasting
 - Level 6.2 Necromancy


You had 3 spell levels left.
You knew the following spells:

 Your Spells              Type           Power        Failure   Level  Hunger
a - Animate Skeleton      Necr           N/A          1%          1    None
b - Pain                  Necr           ###...       1%          1    None
c - Animate Dead          Necr           N/A          19%         4    #####..
d - Regeneration          Chrm/Necr      #.........   19%         3    ###....

Your spell library contained the following spells:

 Spells                   Type           Power        Failure   Level  Hunger
 Vampiric Draining        Necr           ###.......   5%          3    ###....
 Bolt of Draining         Conj/Necr      #.........   87%         5    ######.


Dungeon Overview and Level Annotations

Branches:
Dungeon (3/12)

Altars:
Ashenzari
Nemelex Xobeh


Innate Abilities, Weirdness & Mutations

Your body is rotting away.
You thrive on raw meat.
You are immune to poison.
You have sharp fingernails.
You are carnivorous and can eat meat at any time.
Your flesh is cold resistant. (rC+)
You are immune to negative energy. (rN+++)
You do not regenerate when monsters are visible.
You are immune to unholy pain and torment.
You can survive without breathing.


Message History

Aim: an orc wizard, wielding a +0 dagger and wearing a +0 robe (heavily wounded, chance to defeat MR: 75%)
The orc wizard writhes in agony.
The orc wizard mumbles some strange words.
The orc wizard blinks!
Your ball python zombie bites the orc but does no damage.
Your ball python zombie constricts the orc.
The orc hits your ball python zombie with a +0 flail.
Your ball python zombie is destroyed!
Your quokka skeleton bites the orc but does no damage.
Casting: Pain (safe; 1% risk of failure)
Confirm with . or Enter, or press ? or * to list all spells.
Aiming: Pain (safe; 1% risk of failure)
Press: ? - help, Shift-Dir - straight line, f - orc, p - orc wizard
Aim: an orc, wielding a +0 flail and wearing a +0 chain mail (almost dead, chance to defeat MR: 87%)
Okay, then.
An orc comes into view. It is wielding a +0 mace.
An orc comes into view. It is wielding a +0 falchion.
The orc wizard casts a spell at you. The magic dart hits you!
You die...

............#.#.###
............#.#..
............#.#..#
............#.#..#
#.....o....#.#..#
#..........#)#..#.##
#...>.))..))........
#...[......#.####.##
#.......@..#...
#....Z.§...#####
#.###.o......# #
#.######.# #o .# ..
# ... o... ####


You could see an orc wizard, 3 orcs and a friendly quokka skeleton.

Vanquished Creatures
  An orc wizard (D:3)
  A worker ant (D:3)
  2 oozes (D:2)
  A worm (D:1)
  7 dart slugs
  2 leopard geckos (D:2)
  4 orcs
  3 bats
  3 giant cockroaches
  9 goblins
  4 hobgoblins
  4 jackals
  A quokka (D:3)
  2 ball pythons
  5 frilled lizards
  5 kobolds
  5 rats
59 creatures vanquished.

Vanquished Creatures (collateral kills)
  A goblin (D:2)
  A rat (D:1)
2 creatures vanquished.

Grand Total: 61 creatures vanquished

Notes
Turn   | Place    | Note
-------+----------+-------------------------------------------
     0 | D:1      | Faustar the Ghoul Necromancer began the quest for the Orb.
     0 | D:1      | Reached XP level 1. HP: 14/14 MP: 2/2
   178 | D:1      | Reached skill level 6 in Necromancy
   312 | D:1      | Reached XP level 2. HP: 20/20 MP: 4/4
   559 | D:1      | Reached XP level 3. HP: 14/26 MP: 0/5
   963 | D:2      | Found a faded altar of an unknown god.
  1232 | D:2      | Found a shattered altar of Ashenzari.
  1317 | D:2      | Reached XP level 4. HP: 30/33 MP: 7/7
  1391 | D:2      | Learned a level 4 spell: Animate Dead
  1395 | D:2      | Learned a level 3 spell: Regeneration
  1437 | D:2      | Found a sparkling altar of Nemelex Xobeh.
  1900 | D:3      | Reached XP level 5. HP: 12/38 MP: 0/10
  1993 | D:3      | Killed from afar by an orc wizard

Skill      XL: |  1  2  3  4 |
---------------+-------------+-----
Necromancy     | 6 |  6.2
Spellcasting   | 2 3 4 |  4.2
Dodging        | |  1.7
Stealth        | |  2.4

Action                   |  1- 3 |  4- 6 || total
-------------------------+-------+-------++-------
Melee: Dagger            |   125 |    65 ||   190
 Cast: Pain              |     8 |    20 ||    28
       Animate Skeleton  |     9 |     3 ||    12
       Animate Dead      |       |     2 ||     2
       Regeneration      |       |     1 ||     1
 Stab: Sleeping          |     5 |     1 ||     6
  Eat: Chunk             |    16 |    10 ||    26
       Ration            |       |     1 ||     1
Armor: Robe              |    20 |     8 ||    28
Dodge: Dodged            |    68 |    35 ||   103
